 Dungeon Crawl Stone Soup version 0.27.1 (webtiles) character file.

Game seed: 351708118073981814

14205 calewdscratch the Thaumaturge (level 11, -3/82 HPs)
             Began as a Green Draconian Air Elementalist on Aug 23, 2021.
             Was a High Priest of Dithmenos.
             Slain by an eight-headed hydra (13 damage)
             ... on level 9 of the Dungeon on Aug 24, 2021.
             The game lasted 05:49:18 (18168 turns).

calewdscratch the Thaumaturge (DrAE)               Turns: 18168, Time: 05:49:19

Health: -3/82      AC: 14    Str: 11    XL:     11   Next: 85%
Magic:  17/25      EV: 13    Int: 24    God:    Dithmenos [*****.]
Gold:   265        SH:  0    Dex: 12    Spells: 5/31 levels left

rFire    . . .     SeeInvis .   M - +4 dagger
rCold    + . .     Faith    .   (no shield)
rNeg     . . .     Spirit   .   (armour unavailable)
rPois    +         Reflect  .   (helmet restricted)
rElec    .         Harm     .   K - +0 cloak
rCorr    .         Rampage  .   W - +2 pair of gloves
Will     .....                  v - +2 pair of boots
Stlth    ++++......             (no amulet)
HPRegen  0.23/turn              p - ring of protection from cold
MPRegen  0.19/turn              w - +6 ring of intelligence

@: confusing by touch, wreathed by umbra
A: breathe noxious fumes, AC +7, unfitting armour, poison resistance,
cold-blooded
a: Breathe Noxious Fumes, Renounce Religion, Shadow Step, Shadow Form


You were on level 9 of the Dungeon.
You worshipped Dithmenos.
Dithmenos was extremely pleased with you.
You visited 3 branches of the dungeon, and saw 12 of its levels.

You collected 535 gold pieces.
You spent 270 gold pieces at shops.

Inventory:

Hand Weapons
 b - a +1 dagger of electrocution
 l - a +0 hunting sling
 q - a +2 vampiric dagger
 z - a +0 dagger of protection
 F - a +1 dagger of holy wrath
 M - a +4 dagger (weapon)
 Q - a +3 mace
 T - a +4 falchion
 V - a +3 battleaxe
 X - a +4 great sword
Missiles
 a - 6 silver javelins
 e - a curare-tipped dart
 h - 145 stones
 N - 33 poisoned darts
Armour
 v - a +2 pair of boots (worn)
 K - a +0 cloak (worn)
 W - a +2 pair of gloves (worn)
Magical Staves
 G - a staff of air
Jewellery
 n - a ring of protection from cold
 p - a ring of protection from cold (left hand)
 w - a +6 ring of intelligence (right hand)
 x - a +6 ring of intelligence
 D - a ring of fire
 O - a +6 ring of intelligence
 S - a ring of see invisible
Wands
 u - a wand of paralysis (6)
 y - a wand of iceblast (1)
 H - a wand of charming (16)
 R - a wand of polymorph (15)
 U - a wand of flame (55)
Scrolls
 c - a scroll of summoning {unknown}
 d - 2 scrolls of fear {unknown}
 f - 3 scrolls of noise {unknown}
 g - 2 scrolls of vulnerability {unknown}
 j - 5 scrolls of teleportation
 o - a scroll of silence {unknown}
 s - 3 scrolls of amnesia
 A - a scroll of enchant weapon {unknown}
 B - 2 scrolls of fog {unknown}
 L - 3 scrolls of torment {unknown}
 Y - 2 scrolls of immolation {unknown}
 Z - a scroll of identify
Potions
 i - 3 potions of might
 k - 3 potions of curing
 m - 2 potions of heal wounds {unknown}
 r - a potion of lignification {unknown}
 t - 3 potions of flight
 C - 2 potions of haste {unknown}
 E - a potion of berserk rage {unknown}
 I - 5 potions of ambrosia
 J - a potion of mutation {unknown}
 P - a potion of resistance {unknown}


   Skills:
 + Level 3.2 Fighting
 + Level 2.9 Short Blades
 + Level 0.3 Staves
 + Level 4.6 Dodging
 + Level 3.9 Stealth
 + Level 10.6 Spellcasting
 + Level 8.0 Conjurations
 + Level 1.5 Hexes
 + Level 0.3 Summonings
 + Level 2.3 Necromancy
 + Level 2.2 Transmutations
 + Level 3.4 Fire Magic
 + Level 9.5 Air Magic
 + Level 4.1 Poison Magic
 + Level 1.2 Evocations


You had 5 spell levels left.
You knew the following spells:

 Your Spells              Type           Power      Damage    Failure   Level
a - Shock                 Conj/Air       100%       1d9       1%          1
b - Static Discharge      Conj/Air       53%        N/A       1%          2
c - Slow                  Hex            20%        N/A       4%          2
d - Airstrike             Air            27%        N/A       1%          4
e - Ignite Poison         Fire/Tmut/Pois 28%        N/A       3%          3
f - Corona                Hex            22%        N/A       2%          1
g - Confusing Touch       Hex            20%        N/A       8%          3
h - Animate Skeleton      Necr           46%        N/A       1%          1
i - Mephitic Cloud        Conj/Pois/Air  47%        N/A       1%          3
j - Call Imp              Summ           14%        N/A       7%          2
k - Hailstorm             Conj/Ice       32%        3d8       10%         4

Your spell library contained the following spells:

 Spells                   Type           Power      Damage    Failure   Level
 Magic Dart               Conj           100%       1d8       1%          1
 Conjure Flame            Conj/Fire      40%        6-21      1%          3
 Swiftness                Air            55%        N/A       1%          3
 Apportation              Tloc           24%        N/A       4%          1
 Summon Small Mammal      Summ           56%        N/A       4%          1
 Sticky Flame             Conj/Fire      40%        2d6       4%          4
 Ozocubu's Armour         Ice            12%        N/A       16%         3
 Cause Fear               Hex            10%        N/A       26%         4
 Ice Form                 Ice/Tmut       18%        N/A       30%         4
 Yara's Violent Unravell  Hex/Tmut       10%        3d6       54%         5
 Simulacrum               Ice/Necr       9%         N/A       99%         6
 Dragon Form              Tmut           11%        N/A       100%        7
 Ozocubu's Refrigeration  Ice            6%         4d6       100%        7
 Dragon's Call            Summ           7%         N/A       100%        9


Dungeon Overview and Level Annotations

Branches:
Dungeon (10/15)            Temple (1/1) D:5            Lair (1/6) D:9
    Orc (0/2) D:10

Altars:
Ashenzari
Cheibriados
Dithmenos
Elyvilon
Fedhas
Gozag
Hepliaklqana
Kikubaaqudgha
Makhleb
Nemelex Xobeh
Okawaru
Qazlal
Ru
Sif Muna
Trog
Uskayaw
Vehumet
Wu Jian
Xom
Yredelemnul
Zin
The Shining One

Shops:
D:8 :


Innate Abilities, Weirdness & Mutations

You can breathe blasts of noxious fumes.
Your lurid green scales are hard. (AC +7)
You cannot fit into any form of body armour.
Your system is resistant to poisons. (rPois)
You are cold-blooded and may be slowed by cold attacks.


Message History

Dithmenos accepts your kill.
The eight-headed hydra is struck by an arc of lightning.
The eight-headed hydra is lightly wounded.
The eight-headed hydra bites you.
The eight-headed hydra completely misses you.
The eight-headed hydra bites you!
The eight-headed hydra barely misses you.
The eight-headed hydra closely misses you.
The eight-headed hydra bites you but does no damage. x3
You climb upwards.
Welcome back to the Dungeon!
There is a staircase to the Lair here.
Casting: Static Discharge (safe; 1% risk of failure)
Confirm with . or Enter, or press ? or * to list all spells.
Your hands begin to glow red.
The eight-headed hydra barely misses you.
The eight-headed hydra bites you but does no damage.
The eight-headed hydra bites you.
The eight-headed hydra bites you but does no damage.
The eight-headed hydra bites you!
The eight-headed hydra closely misses you.
The eight-headed hydra completely misses you.
The eight-headed hydra bites you.
M - a +4 dagger (weapon)
The eight-headed hydra barely misses you.
The eight-headed hydra misses you.
The eight-headed hydra closely misses you.
The eight-headed hydra bites you. The eight-headed hydra bites you! x2
The eight-headed hydra barely misses you. x2
You hit the eight-headed hydra but do no damage.
You hit the eight-headed hydra but do no damage.
The eight-headed hydra bites you but does no damage.
The eight-headed hydra barely misses you.
The eight-headed hydra bites you but does no damage.
The eight-headed hydra completely misses you.
The eight-headed hydra bites you. The eight-headed hydra bites you!
* * * LOW HITPOINT WARNING * * *
The eight-headed hydra bites you!
* * * LOW HITPOINT WARNING * * *
The eight-headed hydra bites you!
You die...

#.# #..# #########[# #.##..##
#.# ##.####P.......[# #.##..#
#.# #.##...........# #.##..##
#.# #.#............###.......
#.# #....P.....P...##........
#.# #.......P....P.##........
#.# #....P.....♣...♣#.#..####
#.# #..♣..........)..(#..# #.#
#.......@.....P...#..# #.#
#....P.D.......P#<#..# #.#
#...........♣...#.#..# #.#
##..........♣.♣##>#..#### #.#
#..♣P...♣.♣...##.#...... #.#
##...........###.##.#### #.#
##...P.....####.#..[##.
#.##########.............!....)
#..............###.##.###...##.


You could see an eight-headed hydra.

Vanquished Creatures
  3 two-headed ogres
  A gargoyle (D:6)
  An efreet (D:9)
  A troll (D:10)
  A queen bee (D:10)
  4 blink frogs (Lair:1)
  2 shadows
  6 wyverns
  A vampire (D:9)
  18 yaks
  A human (D:10)
  3 basilisks (D:9)
  The ghost of Thraspic the Magician, an amateur FeCj (D:4)
  A steam dragon (D:7)
  A vampire mosquito (D:7)
  A warg (D:10)
  An acid dragon (D:9)
  3 water moccasins (D:9)
  Duvessa (D:4)
  Purgy (D:3)
  3 ice beasts
  A necrophage (D:4)
  3 sky beasts
  A black bear (D:7)
  4 orc warriors
  An ogre (D:5)
  A centaur (D:6)
  A kobold brigand (D:8)
  5 bullfrogs
  A gnoll sergeant (D:8)
  2 water moccasin zombies
  A wyvern skeleton (D:7)
  3 scorpions
  A water moccasin skeleton (D:5)
  Dowan (D:4)
  The ghost of onlghost the Sneak, a weakling DDDe (D:5)
  24 killer bees (D:10)
  11 wights
  2 howler monkeys
  5 hounds
  6 centaur zombies
  A gnoll shaman (D:7)
  A jelly (D:7)
  9 orc priests
  2 centaur skeletons
  2 bullfrog skeletons
  A water moccasin simulacrum (D:4)
  14 orc wizards
  Ijyb (D:4)
  2 iguanas
  A killer bee zombie (D:6)
  A scorpion simulacrum (D:4)
  3 howler monkey zombies
  6 adders
  4 gnolls (D:8)
  2 hound simulacra (D:4)
  5 white imps
  An ufetubus (D:5)
  2 worms
  A dart slug (D:1)
  An adder simulacrum (D:4)
  31 orcs
  4 endoplasms
  3 giant cockroaches
  7 hobgoblins
  8 jackals
  10 kobolds
  3 quokkas
  2 ball pythons
  5 bats
  2 frilled lizards
  16 goblins
  A quokka simulacrum (D:4)
  A quokka skeleton (D:4)
  8 rats
291 creatures vanquished.

Vanquished Creatures (collateral kills)
  A water moccasin skeleton (D:7)
  A shadow imp (D:7)
  2 orcs (D:10)
4 creatures vanquished.

Vanquished Creatures (others)
  6 fungi (D:9)
  20 plants
26 creatures vanquished.

Grand Total: 321 creatures vanquished

Notes
Turn   | Place    | Note
-------+----------+-------------------------------------------
     0 | D:1      | calewdscratch the Draconian Air Elementalist began the
                  | quest for the Orb.
     0 | D:1      | Reached XP level 1. HP: 14/14 MP: 3/3
   657 | D:1      | Reached XP level 2. HP: 20/20 MP: 1/5
   862 | D:1      | Learned a level 2 spell: Static Discharge
  2225 | D:2      | Reached XP level 3. HP: 21/26 MP: 0/6
  2621 | D:2      | Reached XP level 4. HP: 17/33 MP: 0/8
  3551 | D:3      | Reached skill level 3 in Spellcasting
  3742 | D:3      | Noticed Purgy
  3920 | D:3      | Reached XP level 5. HP: 18/38 MP: 0/10
  4343 | D:3      | Found a shadowy altar of Dithmenos.
  4347 | D:3      | Became a worshipper of Dithmenos the Shadowed
  4365 | D:3      | Found a blossoming altar of Fedhas.
  5108 | D:4      | Reached XP level 6. HP: 29/46 MP: 2/11
  5305 | D:4      | Noticed a sky beast
  5351 | D:3      | Learned a level 2 spell: Slow
  5356 | D:3      | Learned a level 4 spell: Airstrike
  5438 | D:4      | Killed a sky beast
  5439 | D:4      | Reached skill level 1 in Fighting
  5592 | D:4      | Noticed Dowan
  5643 | D:4      | Noticed Ijyb
  5664 | D:4      | Killed Ijyb
  5773 | D:4      | Reached skill level 4 in Spellcasting
  5776 | D:4      | Reached * piety under Dithmenos
  5795 | D:4      | Reached skill level 1 in Short Blades
  5795 | D:4      | Your scales start taking on a lurid green colour.
  5795 | D:4      | Reached XP level 7. HP: 52/52 MP: 1/13
  5795 | D:4      | Gained mutation: Your system is resistant to poisons.
                  | (rPois) [Green Draconian growth]
  6032 | D:4      | Killed Dowan
  6052 | D:4      | Noticed Duvessa
  6059 | D:4      | Killed Duvessa
  6219 | D:4      | Found a runed translucent gate.
  6219 | D:4      | Found a runed translucent gate.
  6219 | D:4      | Found a runed translucent gate.
  6243 | D:4      | Reached skill level 5 in Air Magic
  6389 | D:4      | Noticed Thraspic's ghost (amateur FeCj)
  6468 | D:4      | Killed Thraspic's ghost
  6684 | D:4      | Reached XP level 8. HP: 54/60 MP: 8/15
  6944 | D:3      | Killed Purgy
  6945 | D:3      | Reached skill level 5 in Spellcasting
  7094 | D:5      | Entered Level 5 of the Dungeon
  7201 | D:4      | Learned a level 3 spell: Ignite Poison
  7232 | D:5      | Found a staircase to the Ecumenical Temple.
  7309 | D:5      | Reached skill level 1 in Evocations
  7593 | Temple   | Entered the Ecumenical Temple
  8196 | D:5      | Reached skill level 5 in Conjurations
  8564 | D:5      | Found a runed translucent gate.
  8571 | D:5      | Found a runed translucent gate.
  8572 | D:5      | Found a runed translucent gate.
  8574 | D:5      | Noticed onlghost's ghost (weakling DDDe)
  9090 | D:5      | Killed onlghost's ghost
  9093 | D:5      | Reached ** piety under Dithmenos
  9352 | D:6      | Reached skill level 6 in Spellcasting
  9844 | D:6      | Reached XP level 9. HP: 67/67 MP: 11/18
 10122 | D:6      | Learned a level 3 spell: Confusing Touch
 10140 | D:6      | Found a sacrificial altar of Ru.
 10409 | D:6      | Learned a level 1 spell: Corona
 10800 | D:7      | Noticed a gargoyle
 10885 | D:7      | Learned a level 1 spell: Animate Skeleton
 10924 | D:7      | Reached skill level 7 in Spellcasting
 11794 | D:6      | Killed a gargoyle
 11795 | D:6      | Reached XP level 10. HP: 26/74 MP: 2/21
 12344 | D:7      | Reached skill level 1 in Poison Magic
 12899 | D:8      | Reached *** piety under Dithmenos
 13041 | D:8      | Reached skill level 1 in Transmutations
 13248 | D:8      | Reached skill level 1 in Necromancy
 13364 | D:8      | Reached skill level 8 in Spellcasting
 13486 | D:8      | Found a stormy altar of Qazlal.
 13499 | D:8      | Found a burning altar of Makhleb.
 13501 | D:8      | Noticed a two-headed ogre
 13526 | D:8      | Killed a two-headed ogre
 13625 | D:8      | Found an ancient bone altar of Kikubaaqudgha.
 13789 | D:8      | Found Animah's Book Shoppe.
 14406 | D:9      | Reached skill level 9 in Spellcasting
 14538 | D:9      | Reached skill level 1 in Fire Magic
 14578 | D:9      | Found a staircase to the Lair.
 14602 | D:9      | Reached skill level 1 in Hexes
 15459 | D:9      | Noticed a two-headed ogre
 15464 | D:9      | Killed a two-headed ogre
 15465 | D:9      | Reached XP level 11. HP: 81/81 MP: 16/24
 15602 | D:8      | Bought a book of Minor Magic for 270 gold pieces
 15606 | D:8      | Learned a level 3 spell: Mephitic Cloud
 15609 | D:8      | Learned a level 2 spell: Call Imp
 15614 | D:8      | Learned a level 4 spell: Hailstorm
 16000 | D:10     | Entered Level 10 of the Dungeon
 16168 | D:10     | Noticed a two-headed ogre
 16169 | D:10     | Reached **** piety under Dithmenos
 16618 | D:10     | Found a staircase to the Orcish Mines.
 16706 | D:10     | Killed a two-headed ogre
 16707 | D:10     | Reached skill level 10 in Spellcasting
 17536 | D:10     | Reached ***** piety under Dithmenos
 18061 | Lair:1   | Entered Level 1 of the Lair of Beasts
 18082 | Lair:1   | Noticed an eight-headed hydra
 18168 | D:9      | Slain by an eight-headed hydra

Illustrated notes

Levels and vault maps discovered:
D:1:      minmay_arrival_plants_in_alcoves, layout_basic
D:2:      minmay_inner_zag, layout_basic
D:3:      layout_loops_ring, mainiacjoe_overflow_swirl, uniq_purgy
D:4:      kennysheep_the_goblin_king, layout_cave_pools, gammafunk_ghost_icy,
          st_stairs_13, roderic_roman_lattice, uniq_duvessa, uniq_ijyb
D:5:      layout_basic, temple_fountains, gammafunk_ghost_necromancy
D:6:      layout_basic, nicolae_ru_great_annihilating_truth
D:7:      cheibrodos_fzero, layout_cave_pools, minmay_misc_feat_roman
D:8:      layout_rooms, grunt_temple_overflow_open, serial_shops,
          nicolae_take_the_stairs
D:9:      layout_loops_ring, minmay_lair_entry_grove
D:10:     layout_rooms, erik_orc_4, special_room [special_room_bee]
Temple:   lightli_temple_of_artemis
Lair:1:   layout_loops_ring

Skill      XL: |  1  2  3  4  5  6  7  8  9 10 11 |
---------------+----------------------------------+-----
Stealth        | 2 3 |  3.9
Dodging        | 2 3 4 |  4.6
Conjurations   | 2 3 4 5 6 7 8 |  8.0
Spellcasting   | 3 4 6 7 9 10 | 10.6
Air Magic      | 4 5 6 7 9 |  9.5
Fighting       | 1 2 3 |  3.2
Short Blades   | 1 2 |  2.9
Evocations     | 1 |  1.2
Poison Magic   | 3 4 |  4.1
Transmutations | 1 2 |  2.2
Necromancy     | 1 2 |  2.3
Fire Magic     | 2 3 |  3.4
Hexes          | 1 |  1.5
Staves         | |  0.3
Summonings     | |  0.3

Action                   |  1- 3 |  4- 6 |  7- 9 | 10-12 || total
-------------------------+-------+-------+-------+-------++-------
Melee: Dagger            |    26 |    35 |    59 |    35 ||   155
       Tailslap          |     3 |       |     6 |     1 ||    10
       Staff             |       |       |    11 |     1 ||    12
 Cast: Shock             |    68 |    62 |   126 |   119 ||   375
       Static Discharge  |       |    23 |    70 |    49 ||   142
       Airstrike         |       |     2 |    15 |    49 ||    66
       Animate Skeleton  |       |       |     6 |    25 ||    31
       Ignite Poison     |       |       |     4 |    28 ||    32
       Confusing Touch   |       |       |     2 |     3 ||     5
       Corona            |       |       |     2 |     3 ||     5
       Mephitic Cloud    |       |       |       |     8 ||     8
       Call Imp          |       |       |       |     2 ||     2
       Hailstorm         |       |       |       |     2 ||     2
 Abil: Breathe Noxious F |       |       |     5 |    24 ||    29
Evoke: Wand              |       |       |     8 |     5 ||    13
  Use: Scroll            |       |       |     7 |       ||     7
       Potion            |       |       |       |     1 ||     1
 Stab: Confused          |       |       |     3 |       ||     3
Armor: Skin              |     8 |    16 |    50 |    69 ||   143
Dodge: Dodged            |    24 |    43 |   129 |   165 ||   361
